 Dungeon Crawl Stone Soup version 0.31-a0-826-ga5cc291a1b (webtiles) character file.

Game seed: 15848693653055866011

321 qw the Shooter (level 6, -2/38 HPs)
             Began as a Gargoyle Hunter on Sept 23, 2023.
             Slain by an iguana (10 damage)
             ... on level 4 of the Dungeon.
             The game lasted 00:01:11 (2898 turns).

qw the Shooter (Gargoyle Hunter)                    Turns: 2898, Time: 00:01:11

Health: -2/38      AC: 10    Str: 14    XL:     6   Next: 46%
Magic:  6/6        EV: 10    Int: 10    God:
Gold:   76         SH:  0    Dex: 15    Spells: 5/5 levels left

rFire   . . .        Y - +0 shortbow
rCold   . . .        (shield currently unavailable)
rNeg    + . .        b - +0 ring mail
rPois   inf          d - +0 helmet
rElec   +            (no cloak)
rCorr   .            (no gloves)
SInv    .            (no boots)
Will    .....        a - amulet of faith
Stlth   +            (no ring)
HPRegen 0.26/turn    (no ring)
MPRegen 0.10/turn

%: faith
@: no status effects
A: sickness immunity, AC +4, negative energy resistance 1, electricity
resistance, torment resistance 1, petrification resistance
a: no special abilities


You were on level 4 of the Dungeon.
You visited 1 branch of the dungeon, and saw 4 of its levels.

You collected 76 gold pieces.


Innate Abilities, Weirdness & Mutations

You are immune to sickness and miasma.
Your stone body is resilient. (AC +4)
You are immune to poison.
You resist negative energy. (rN+)
You are resistant to electric shocks. (rElec)
You are resistant to unholy torment.
You are immune to petrification.


   Skills:
 - Level 4.0 Fighting
 + Level 6.7 Ranged Weapons
 - Level 1.0 Armour
 - Level 1.5 Dodging
 - Level 1.1 Stealth


You had 5 spell levels left.
You didn't know any spells.
Your spell library was empty.

Inventory:

Hand Weapons
 Y - a +0 shortbow (weapon)
Armour
 b - a +0 ring mail (worn)
 d - a +0 helmet (worn)
Jewellery
 a - an amulet of faith (around neck)
 i - a ring of ice
Potions
 c - a potion of brilliance {unknown}
 h - 2 potions of curing

Dungeon Overview and Level Annotations

Branches:
Dungeon (4/15)
 Temple: D:4-7

Altars:


Message History

The dart slug launches a dart at you.
The slug dart hits you but does no damage.
You shoot an arrow.
The arrow hits the dart slug but does no damage.
The dart slug is severely wounded.
The dart slug bites you but does no damage.
You shoot an arrow. The arrow hits the dart slug.
You kill the dart slug!
Found a scroll of immolation.
You see here a dart slug corpse.
An iguana comes into view.
You shoot an arrow.
The arrow hits the iguana but does no damage.
The iguana hisses angrily.
You shoot an arrow. The arrow hits the iguana.
The iguana is lightly wounded.
You shoot an arrow. The arrow barely misses the iguana.
You shoot an arrow. The arrow barely misses the iguana.
You shoot an arrow.
The arrow hits the iguana but does no damage.
The iguana is lightly wounded.
You shoot an arrow.
The arrow hits the iguana but does no damage.
The iguana is lightly wounded.
The iguana bites you!
You shoot an arrow. The arrow barely misses the iguana.
The iguana bites you but does no damage.
You shoot an arrow. The arrow barely misses the iguana.
The iguana bites you but does no damage.
You shoot an arrow. The arrow hits the iguana!
The iguana is severely wounded.
The iguana bites you!
You shoot an arrow. The arrow barely misses the iguana.
The iguana closely misses you. The iguana bites you!
You shoot an arrow. The arrow barely misses the iguana.
The iguana bites you!
You shoot an arrow. The arrow hits the iguana.
The iguana is severely wounded.
The iguana bites you!
You die...

#.... #....!.
..... .... ...
## #.# .
....###.####....
........@l......
...###.####....
#......# . .
#?#.##.# ..
#.#.##.# ...###
#.#.##.#
...####......#
#.##.##.%.....##
#.......###.#.#


You could see an iguana.

Vanquished Creatures
  A scorpion (D:3)
  2 orc priests (D:3)
  Ijyb (D:3)
  Robin (D:3)
  6 adders
  6 worms
  4 dart slugs
  4 orcs (D:3)
  7 endoplasms
  17 goblins
  6 hobgoblins
  4 jackals
  5 kobolds
  2 quokkas
  8 ball pythons
  6 bats
  2 frilled lizards
  4 rats
86 creatures vanquished.

Notes
Turn   | Place    | Note
-------+----------+-------------------------------------------
     0 | D:1      | qw the Gargoyle Hunter began the quest for the Orb.
     0 | D:1      | Reached XP level 1. HP: 12/12 MP: 1/1
     0 | D:1      | 0 ||| qw: Version: 0.3-a-83-gcd0e7d8
     0 | D:1      | 0 ||| qw: Game counter: 1884
     0 | D:1      | 0 ||| qw: Melee chars always use a shield: true
     0 | D:1      | 0 ||| qw: God list: Okawaru
     0 | D:1      | 0 ||| qw: Allow faded altars: false
     0 | D:1      | 0 ||| qw: Do Orc after clearing Dungeon:15 true
     0 | D:1      | 0 ||| qw: Do second Lair branch before Depths: true
     0 | D:1      | 0 ||| qw: Lair rune preference: random
     0 | D:1      | 0 ||| qw: Goals: Normal
     0 | D:1      | 0 ||| PLANNING D:1-11
   281 | D:1      | Reached XP level 2. HP: 17/17 MP: 2/2
   764 | D:1      | 764 ||| READING scroll labelled JEDUOZ GIKKUCK.
   765 | D:1      | 765 ||| READING scroll labelled XOK BOAPTEFOH.
   766 | D:1      | 766 ||| READING scroll labelled WAYZUTHE HUGG.
   767 | D:1      | 767 ||| READING scroll labelled MIDWAL HUMUOS.
   768 | D:1      | 768 ||| READING scroll labelled ANTORH TEABB.
   769 | D:1      | 769 ||| READING scroll labelled ZOTOTO QALEKO.
   770 | D:1      | 770 ||| DROPPING scroll of butterflies.
   898 | D:2      | Reached XP level 3. HP: 21/21 MP: 3/3
   961 | D:2      | Reached skill level 5 in Ranged Weapons
  1202 | D:2      | Reached skill level 3 in Fighting
  1344 | D:2      | Reached XP level 4. HP: 28/28 MP: 4/4
  1563 | D:2      | 1563 ||| UPGRADING to +0 ring mail.
  1573 | D:2      | 1573 ||| DROPPING +0 leather armour.
  1574 | D:2      | 1574 ||| UPGRADING to amulet of faith.
  1579 | D:2      | 1579 ||| DRINKING 2 viscous coppery potions.
  1676 | D:3      | Reached skill level 1 in Armour
  1708 | D:3      | HP: 4/28 [frozen (5)]
  1817 | D:3      | Noticed a scorpion
  1831 | D:3      | Killed a scorpion
  1832 | D:3      | Reached skill level 6 in Ranged Weapons
  1832 | D:3      | Reached XP level 5. HP: 16/32 MP: 5/5
  1952 | D:3      | Identified the +9 rapier "Menucwunt" {venom, rC+ Str+3
                  | Dex+2}
  2004 | D:3      | Noticed Robin
  2041 | D:3      | Killed Robin
  2203 | D:3      | Noticed Ijyb
  2218 | D:3      | Killed Ijyb
  2219 | D:3      | Reached XP level 6. HP: 20/38 MP: 6/6
  2814 | D:3      | 2814 ||| UPGRADING to +0 helmet.
  2819 | D:3      | 2819 ||| READING 3 scrolls labelled NAWOYDDESH.
  2820 | D:3      | 2820 ||| READING scroll labelled SOIKEI EWAGAI.
  2821 | D:3      | 2821 ||| READING 2 scrolls labelled KUTOOFRIOG.
  2822 | D:3      | 2822 ||| READING scroll labelled KAERAE ZE IFYUG.
  2826 | D:3      | 2826 ||| DROPPING 2 scrolls of noise.
  2827 | D:3      | 2827 ||| DROPPING scroll of revelation.
  2897 | D:4      | HP: 7/38 [iguana (9)]
  2898 | D:4      | Slain by an iguana

Levels and vault maps discovered:
D:1:      nicolae_arrival_memento_mori, layout_loops_corners, st_stairs_12
D:2:      layout_loops_ring
D:3:      minmay_octagon_keep, layout_loops_ring, uniq_ijyb, uniq_robin
D:4:      layout_loops_cross, uniq_crazy_yiuf_cottage

Skill      XL: |  1  2  3  4  5 |
---------------+----------------+-----
Ranged Weapons | 5 6 |  6.7
Fighting       | 3 4 |  4.0
Armour         | 1 |  1.0
Dodging        | |  1.5
Stealth        | |  1.1

Action                     |  1- 3 |  4- 6 || total
---------------------------+-------+-------++-------
   Fire: Shortbow          |   112 |   222 ||   334
    Use: Scroll            |     6 |     4 ||    10
         Potion            |       |     1 ||     1
 Armour: Leather armour    |    38 |     1 ||    39
         Ring mail         |       |   167 ||   167
  Dodge: Dodged            |    33 |   141 ||   174

Table legend:
 A = Non-vault XP
 B = Vault XP
 C = Vault XP percentage of total XP
 D = Non-vault monster count
 E = Vault monster count
 F = Vault count percentage of total count
                 A         B        C        D         E       F
            +---------+---------+-------+---------+---------+-------
      Total |     233 |     226 |  49.2 |      55 |      31 |  36.0
            +---------+---------+-------+---------+---------+-------
        D:1 |      23 |       2 |   8.0 |      13 |       1 |   7.1
        D:2 |      64 |       0 |   0.0 |      21 |       0 |   0.0
        D:3 |     140 |     224 |  61.5 |      19 |      30 |  61.2
        D:4 |       6 |       0 |   0.0 |       2 |       0 |   0.0
            +---------+---------+-------+---------+---------+-------
